 Dungeon Crawl Stone Soup version 0.17-a0-1554-g3b847ca (webtiles) character file.

9886 Gorice the Cruncher (level 11, -4/76 HPs)
             Began as a Gargoyle Wanderer on July 19, 2015.
             Was a High Priest of Okawaru.
             Slain by a komodo dragon (18 damage)
             ... on level 1 of the Lair of Beasts.
             The game lasted 01:15:54 (11758 turns).

Gorice the Cruncher (Gargoyle Wanderer)            Turns: 11758, Time: 01:15:54

Health: -4/76      AC: 25    Str: 17    XL:     11   Next: 53%
Magic:  9/11       EV:  9    Int: 12    God:    Okawaru [*****.]
Gold:   814        SH:  0    Dex: 12    Spells: 0 memorised, 10 levels left

rFire  . . .     SeeInvis .     a - +0 quarterstaff
rCold  . . .     Clarity  .     M - +1 chain mail {MR+}
rNeg   + . .     SustAt   .     (no shield)
rPois  ∞         Gourm    .     v - +0 helmet
rElec  +         Spirit   .     p - +2 cloak {+Inv}
rCorr  .         Warding  .     (no gloves)
rMut   .         Stasis   .     z - +1 pair of boots
MR     +....                    (no amulet)
Stlth  ..........               (no ring)
                                (no ring)

@: heroism, invisible, somewhat resistant to hostile enchantments, extremely
unstealthy
A: negative energy resistance 1, electricity resistance, unbreathing,
petrification resistance, rot immunity, AC +7
a: Heroism, Finesse, Renounce Religion


You were on level 1 of the Lair of Beasts.
You worshipped Okawaru.
Okawaru was extremely pleased with you.
You were not hungry.

You visited 3 branches of the dungeon, and saw 11 of its levels.
You also visited: Ossuary.

You collected 902 gold pieces.
You spent 88 gold pieces at shops.

Inventory:

Hand weapons
 a - a +0 quarterstaff (weapon)
 b - a +2 shortbow
Missiles
 k - 19 arrows of frost
 s - 105 arrows
 w - 17 javelins (quivered)
 P - 13 poisoned arrows
 R - 8 arrows of flame
 Z - 276 stones
Armour
 p - a +2 cloak of invisibility (worn)
   (You found it on level 8 of the Dungeon)
 v - a +0 helmet (worn)
 z - a +1 pair of boots (worn)
 M - a +1 chain mail of magic resistance (worn)
   (You took it off an orc on level 4 of the Dungeon)
 S - a +0 plate armour
Jewellery
 G - an uncursed ring of fire
Magical devices
 d - a wand of polymorph (17)
 q - a wand of teleportation (9) {!d}
 t - a wand of enslavement (3)
 V - a wand of draining (6)
 Y - a wand of paralysis (17)
Scrolls
 u - 6 scrolls of magic mapping {!r}
 y - a scroll of teleportation {!r}
 C - 7 scrolls of remove curse
Potions
 e - 4 potions of lignification {!q}
 h - 5 potions of haste {!q}
 i - a potion of might {!q}
 m - a potion of cancellation {!q}
 H - a potion of berserk rage
 I - 3 potions of curing
Miscellaneous
 U - a lantern of shadows
Comestibles
 c - 5 chunks of flesh
 g - 9 bread rations {!e}
 F - 25 fruits


   Skills:
 + Level 12.2(17.2) Fighting
   Level 1.0(13.4) Maces & Flails
 * Level 12.7(17.7) Staves
 - Level 6.3(11.3) Bows
 - Level 1.1(6.1) Armour
 - Level 1.1(6.1) Stealth
 - Level 1.0 Evocations


You had 10 spell levels left.
You didn't know any spells.

Dungeon Overview and Level Annotations

Branches:
Dungeon (9/15)             Temple (1/1) D:6            Lair (1/8) D:9
    Orc: D:9-12

Altars:
Ashenzari
Cheibriados
Dithmenos
Elyvilon
Fedhas
Gozag
Kikubaaqudgha
Makhleb
Nemelex Xobeh
Okawaru
Qazlal
Ru
Sif Muna
Trog
Vehumet
Xom
Yredelemnul
Zin
The Shining One

Shops:
D:4 :((?[   D:6 *

Annotations:
D:7 2 orc warriors at large!


Innate Abilities, Weirdness & Mutations

You are resistant to torment.
Your stone body is resilient (AC +7).
You are immune to poison.
You resist negative energy.
You are resistant to electric shocks.
You can survive without breathing.
You are immune to petrification.
You are immune to rotting.


Message History

The komodo dragon bites you but does no damage.
You hit the komodo dragon.
The komodo dragon is lightly wounded.
The komodo dragon bites you!!
Damage: 20 (max 20)
You hit the komodo dragon but do no damage.
The komodo dragon is lightly wounded.
You thump the komodo dragon!
The komodo dragon is moderately wounded.
The komodo dragon bites you but does no damage.
Use which ability? (? or * to list)
You gain the combat prowess of a mighty hero.
You feel slightly more hungry. The komodo dragon bites you!
Damage: 11 (max 20)
You sock the komodo dragon!
The komodo dragon is moderately wounded.
The komodo dragon bites you but does no damage.
You hit the komodo dragon but do no damage.
The komodo dragon is moderately wounded.
You hit the komodo dragon but do no damage.
The komodo dragon is moderately wounded.
The komodo dragon bites you but does no damage.
You barely miss the komodo dragon.
The komodo dragon is moderately wounded.
You closely miss the komodo dragon.
The komodo dragon is moderately wounded.
The komodo dragon bites you!!
* * * LOW HITPOINT WARNING * * *
Damage: 17 (max 20) Unknown command.
Drink which item? (? for menu, Esc to quit)
You feel better. The komodo dragon barely misses you.
Read which item? (? for menu, Esc to quit)
Okay, then.
Drink which item? (? for menu, Esc to quit)
Okay, then.
Evoke which item? (* to show all) (? for menu, Esc to quit)
Okay, then.
Press: ? - help, v - describe, . - travel
Here: a komodo dragon (moderately wounded)
The floor, spattered with blood.
Unknown command.
Unknown command.
Read which item? (? for menu, Esc to quit)
Okay, then.
Drink which item? (? for menu, Esc to quit)
Really quaff
o - a potion of invisibility {!q}?
You fade into invisibility!
The komodo dragon bites you!!
You die...

....#....(..#..........#.........
....#.......#.#........#.........
....#.....(.#.####.#.###.........
.................................
....+.................##+.#......
....#.......#.........#.....#....
.....##P.#.(#<..............#...#
.............(........#.###.#....
..............(l@:..............#
.........#########..........#.#.#
........## #.........####..
........## #.........# #..#
.........# #.........# ##.#
#####...## #.........####.#
#....# #..............# ##...#
##.#########....# ###...# #..#
#.....


You could see a komodo dragon.

Vanquished Creatures
  A komodo dragon (Lair:1)
  A spiny frog (Lair:1)
  A troll (D:9)
  Grinder (D:5)
  A wyvern (D:8)
  5 blink frogs (Lair:1)
  A deep elf mage (D:9)
  8 yaks
  Grum (Lair:1)
  4 wolves
  A hippogriff (Lair:1)
  A basilisk (Lair:1)
  3 porcupines (Lair:1)
  3 water moccasins (Lair:1)
  2 ice beasts
  A sky beast (D:9)
  An orc warrior (D:8)
  2 black bears
  2 phantoms
  6 centaurs
  9 giant frogs
  An elf zombie (D:4)
  A water moccasin zombie (D:6)
  An elf skeleton (D:4)
  A scorpion (D:7)
  32 killer bees
  A centaur zombie (D:8)
  A human zombie (D:4)
  A crimson imp (D:8)
  5 jellies
  A giant frog skeleton (D:8)
  A quasit (D:8)
  4 electric eels
  An orc priest (D:8)
  7 hounds
  4 orc wizards
  2 human skeletons (D:4)
  7 worker ants
  3 iguanas
  A big kobold zombie (Ossuary)
  2 hound skeletons
  8 mummies (Ossuary)
  A worker ant zombie (D:5)
  Robin (D:3)
  6 gnolls
  15 adders
  2 shadow imps
  4 oozes
  A worm (D:2)
  4 giant geckos
  36 orcs
  2 ball pythons
  A bat skeleton (D:5)
  7 giant cockroaches
  18 goblins
  21 hobgoblins
  4 jackals (D:6)
  18 kobolds
  5 quokkas
  15 bats
  A giant gecko skeleton (D:4)
  3 giant newts
  2 gnoll zombies (Ossuary)
  3 hobgoblin zombies (Ossuary)
  A kobold zombie (Ossuary)
  An orc skeleton (D:4)
  An orc zombie (Ossuary)
  8 rats
321 creatures vanquished.

Vanquished Creatures (others)
  A jackal (D:9)
  4 fungi (Lair:1)
5 creatures vanquished.

Grand Total: 326 creatures vanquished

Notes
Turn   | Place    | Note
--------------------------------------------------------------
     0 | D:1      | Gorice the Gargoyle Wanderer began the quest for the Orb.
     0 | D:1      | Gorice set off with: a +2 shortbow, 25 arrows, a +0 hand crossbow, 26 bolts, a potion of lignification {!q}, a +0 robe, a bread ration {!e}
     0 | D:1      | Reached XP level 1. HP: 16/16 MP: 1/1
   104 | D:1      | Reached XP level 2. HP: 21/21 MP: 2/2
   185 | D:1      | Reached skill level 2 in Bows
   369 | D:1      | You fall through a shaft!
   457 | D:2      | Reached XP level 3. HP: 27/27 MP: 3/3
   544 | D:2      | Reached skill level 6 in Fighting
  1216 | D:2      | Reached XP level 4. HP: 32/32 MP: 4/4
  1263 | D:2      | Reached skill level 3 in Bows
  1735 | D:3      | Noticed Robin
  1743 | D:3      | Found an opulent altar of Gozag.
  1839 | D:3      | Reached XP level 5. HP: 37/37 MP: 5/5
  1868 | D:3      | Killed Robin
  2201 | D:3      | Reached skill level 4 in Bows
  2726 | D:4      | Found Icsuby's Book Shoppe.
  2738 | D:4      | Found an iron altar of Okawaru.
  2745 | D:4      | Became a worshipper of Warmaster Okawaru
  2829 | D:4      | Reached XP level 6. HP: 39/42 MP: 6/6
  2894 | D:4      | Found Tisamysa's Weapon Boutique.
  2949 | D:4      | Found Owaipnul's Weapon Emporium.
  2964 | D:4      | Found Cajyenia's Antique Armour Shoppe.
  2968 | D:4      | Found Zempung's Magic Scroll Shop.
  3110 | D:4      | Reached skill level 5 in Bows
  3177 | D:4      | Reached skill level 7 in Fighting
  3292 | D:4      | Reached XP level 7. HP: 27/48 MP: 7/7
  3295 | D:4      | Found a sand-covered staircase.
  3306 | Ossuary  | Entered an ossuary
  3414 | Ossuary  | Acquired Okawaru's first power
  3470 | Ossuary  | Reached skill level 6 in Bows
  3937 | D:4      | Bought a +0 quarterstaff for 48 gold pieces
  4034 | D:4      | Noticed a phantom
  4052 | D:4      | Killed a phantom
  4052 | D:4      | Reached skill level 1 in Staves
  4409 | D:4      | Reached skill level 2 in Staves
  4469 | D:5      | Entered Level 5 of the Dungeon
  4520 | D:5      | Reached skill level 8 in Fighting
  4520 | D:5      | Reached XP level 8. HP: 52/54 MP: 8/8
  4560 | D:5      | Found a basalt altar of Yredelemnul.
  4714 | D:5      | Reached skill level 3 in Staves
  5048 | D:5      | Noticed Grinder
  5068 | D:5      | Killed Grinder
  5068 | D:5      | Reached skill level 4 in Staves
  5446 | D:6      | Found a blossoming altar of Fedhas.
  5567 | D:6      | Reached skill level 5 in Staves
  5602 | D:6      | Reached skill level 9 in Fighting
  5662 | D:6      | Reached skill level 6 in Staves
  5680 | D:6      | Reached XP level 9. HP: 41/60 MP: 9/9
  5952 | D:6      | Found a snail-covered altar of Cheibriados.
  6073 | D:6      | Found a staircase to the Ecumenical Temple.
  6107 | Temple   | Entered the Ecumenical Temple
  6189 | D:6      | Found Gasol's General Store.
  6203 | D:6      | Bought a scroll of identify for 20 gold pieces
  6207 | D:6      | Bought a scroll of identify for 20 gold pieces
  6256 | D:6      | Found a glowing golden altar of the Shining One.
  6830 | D:7      | Reached skill level 7 in Staves
  7725 | D:8      | Found a sacrificial altar of Ru.
  7796 | D:8      | Reached skill level 8 in Staves
  7823 | D:8      | Reached skill level 10 in Fighting
  7890 | D:8      | Found an ancient bone altar of Kikubaaqudgha.
  9021 | D:8      | Reached skill level 9 in Staves
  9044 | D:8      | Reached XP level 10. HP: 58/68 MP: 7/10
  9650 | D:8      | Reached skill level 10 in Staves
  9757 | D:9      | Found a staircase to the Lair.
  9864 | D:9      | Reached skill level 11 in Fighting
 10110 | D:9      | Reached skill level 11 in Staves
 10334 | D:9      | Acquired Okawaru's second power
 10474 | Lair:1   | Entered Level 1 of the Lair of Beasts
 10501 | Lair:1   | Reached XP level 11. HP: 44/74 MP: 9/11
 10696 | Lair:1   | Noticed Grum
 10723 | Lair:1   | Killed Grum
 10873 | Lair:1   | Reached skill level 12 in Staves
 11135 | Lair:1   | Reached skill level 12 in Fighting
 11405 | Lair:1   | Received a gift from Okawaru
 11756 | Lair:1   | HP: 9/76 [komodo dragon (18)]
 11758 | Lair:1   | Slain by a komodo dragon

Vault maps used:
D:1:      lemuel_arrival_funnel, minmay_misc_feat_diagonals
D:3:      lemuel_crystal_altar, first_bread, dk_vineyard_1, uniq_robin
D:4:      nicolae_ossuary_entry_catacombs, serial_shops,
          nicolae_shop_window_shopping,
          nicolae_shop_temple_entry_statues_fountains, shop,
          nicolae_shop_waterfront, nicolae_shop_trees, grunt_ministairs_8,
          okawaru_metal_pillars_1_2
D:5:      yredelemnul_altar_generic, uniq_grinder
D:6:      minitemple, nicolae_overflow_hidden_temple, temple_green,
          serial_shops, shop
D:8:      lemuel_crystal_altar, old_standard_altar
D:9:      erik_lair_island
Temple:   circular_temple_12
Lair:1:   infiniplex_staircase_pool, uniq_grum
Ossuary:  ossuary_tomb_3

Action                   |  1- 3 |  4- 6 |  7- 9 | 10-12 || total
-------------------------+-------+-------+-------+-------++-------
Melee: Mace              |     1 |   134 |       |       ||   135
       Flail             |       |   140 |    33 |       ||   173
       Quarterstaff      |       |       |   490 |   371 ||   861
 Fire: Shortbow          |    76 |    98 |   177 |   123 ||   474
       Longbow           |       |       |     4 |       ||     4
Invok: Heroism           |       |       |     4 |     6 ||    10
  Use: Scroll            |     6 |     3 |    13 |     3 ||    25
       Potion            |       |       |       |     2 ||     2
  Eat: Chunk             |       |     8 |    12 |     6 ||    26
       Royal jelly       |       |       |     1 |       ||     1
       Beef jerky        |       |       |     2 |       ||     2
       Meat ration       |       |       |       |     1 ||     1

Table legend:
 A = Turns spent in this place as a percentage of turns spent in the entire game.
 B = Non-inter-level travel turns spent in this place as a percentage of non-inter-level travel turns spent in the entire game.
 C = Inter-level travel turns spent in this place as a percentage of turns spent in this place.
 D = Turns resting spent in this place as a percentage of non-inter-level travel turns spent in this place.
 E = Turns spent auto-exploring this place as a percentage of non-inter-level travel turns spent in this place.
 F = Non-inter-level travel turns spent in this place divided by the number of levels of this place that you've seen.
                   A       B       C       D       E      F
               +-------+-------+-------+-------+-------+----------------------
         Total | 100.0 | 100.0 |   0.3 |   1.0 |   4.1 | 452.3
       Dungeon |  80.8 |  80.7 |   0.4 |   0.8 |   4.7 | 486.8
        Temple |   1.1 |   1.1 |   0.0 |   0.0 |   0.0 |  59.0
          Lair |  13.0 |  13.1 |   0.1 |   0.6 |   2.1 | 709.0
       Ossuary |   5.1 |   5.1 |   0.0 |   5.4 |   0.4 | 279.0
               +-------+-------+-------+-------+-------+----------------------

Vault maps used:
D:1:      lemuel_arrival_funnel, minmay_misc_feat_diagonals
D:3:      lemuel_crystal_altar, first_bread, dk_vineyard_1, uniq_robin
D:4:      nicolae_ossuary_entry_catacombs, serial_shops,
          nicolae_shop_window_shopping,
          nicolae_shop_temple_entry_statues_fountains, shop,
          nicolae_shop_waterfront, nicolae_shop_trees, grunt_ministairs_8,
          okawaru_metal_pillars_1_2
D:5:      yredelemnul_altar_generic, uniq_grinder
D:6:      minitemple, nicolae_overflow_hidden_temple, temple_green,
          serial_shops, shop
D:8:      lemuel_crystal_altar, old_standard_altar
D:9:      erik_lair_island
Temple:   circular_temple_12
Lair:1:   infiniplex_staircase_pool, uniq_grum
Ossuary:  ossuary_tomb_3
